Map: Kairos Junction LE

Players

Ragnarokette - Winner!

  • Race: Zerg Zerg
  • League: Diamond
  • Spawn Location: 5:00

SNSD

  • Race: Zerg Zerg
  • League: Diamond
  • Spawn Location: 11:00

VOD

Have the link to the VOD?

Description

the basic idea here is to get a normal timed 3rd followed by a bane nest, make some lings to pressure the opponent's third and then drone behind the pressure with roaches in mind. Bear in mind this is still a mid diamond game so there are lots of fine tuning adjustments to make on macro, but the big picture is there

Time

  • Played on: May 13, 2019, 5:30 p.m.
  • Length: 10:06
Show
View Real Time Build Order
Export as new Build Order

Ragnarokette Zerg - Winner!

Build Orders: Hatch First 

Get SALT Encoding   

  12  0:01  Drone  
  13  0:12  Overlord  
  13  0:17  Drone  
  14  0:30  Drone x2  
  16  0:49  Hatchery  
  15  0:52  Drone  
  15  0:55  Drone  
  17  1:06  Extractor  
  16  1:12  Spawning Pool  
  16  1:15  Drone  
  16  1:18  Drone  
  16  1:22  Drone  
  18  1:33  Drone  
  19  1:40  Overlord  
  19  1:51  Drone  
  20  1:59  Queen  
  20  2:00  Queen  
  24  2:01  Zergling x2  
  24  2:03  Zergling x2  
  26  2:10  Metabolic Boost  
  26  2:14  Drone  
  27  2:17  Drone  
  28  2:23  Drone x2  
  30  2:32  Drone  
  31  2:37  Overlord  
  31  2:49  Drone  
  32  2:52  Hatchery, Drone  
  32  3:01  Drone  
  32  3:02  Baneling Nest, Drone  
  33  3:10  Zergling x2  
  33  3:11  Zergling x6  
  37  3:16  Overlord  
  37  3:31  Drone x5  
  37  3:33  Queen  
  44  3:52  Overlord  
  44  3:53  Drone x7  
  47  4:10  Zergling x8  
  47  4:13  Baneling x2  
  47  4:14  Baneling  
  51  4:18  Overlord  
  51  4:19  Drone x2  
  53  4:24  Extractor, Roach Warren  
  53  4:26  Queen, Extractor  
  53  4:27  Evolution Chamber  
  49  4:48  Zergling x18  
  58  4:53  Drone x6  
  58  4:58  Zerg Missile Weapons Level 1  
  58  4:59  Lair  
  60  5:14  Overlord  
  60  5:16  Drone  
  60  5:17  Drone x7  
  67  5:27  Roach x4  
  74  5:30  Overlord  
  74  5:34  Overlord  
  74  5:51  Roach  
  74  5:52  Roach x7  
  74  5:56  Glial Reconstitution  
  90  6:06  Overlord  
  90  6:08  Roach x4  
  90  6:10  Overlord  
  98  6:17  Evolution Chamber  
  96  6:32  Drone x11  
  106  6:33  Drone  
  106  6:37  Overlord  
  106  6:39  Extractor  
  106  6:41  Extractor  
  106  6:44  Roach x4  
  113  6:50  Zerg Ground Armor Level 1  
  113  6:52  Zerg Missile Weapons Level 2  
  113  6:54  Overlord  
  113  6:55  Overlord x2  
  102  7:09  Roach x7  
  102  7:10  Roach  
  102  7:19  Roach  
  102  7:20  Overlord x2, Roach x2  
  100  7:29  Roach  
  102  7:30  Roach x2  
  102  7:31  Roach  
  102  7:36  Drone x2  
  102  7:37  Drone  
  111  7:46  Roach x3  
  117  7:53  Roach  
  117  7:57  Drone x2  
  117  7:58  Roach x5  
  131  8:03  Hydralisk Den  
  130  8:10  Roach x6  
  142  8:26  Roach x7  
  128  8:34  Roach x4  
  128  8:40  Roach x5  
  132  8:46  Roach  
  120  8:54  Muscular Augments  
  120  8:55  Zergling x2  
  121  8:56  Zergling x10  
  126  9:08  Roach x8  
  138  9:23  Roach  
  138  9:24  Roach x6  
  142  9:33  Roach x8  
  142  9:36  Hatchery  
  145  9:43  Roach x2  
Show
View Real Time Build Order
Export as new Build Order

SNSD Zerg 

Build Orders: Hatch First 

Get SALT Encoding   

  12  0:02  Drone  
  13  0:12  Drone  
  14  0:18  Overlord  
  14  0:28  Extractor  
  14  0:29  Drone  
  15  0:37  Drone x2  
  17  0:47  Drone  
  18  0:59  Hatchery  
  18  1:02  Drone  
  18  1:05  Extractor  
  17  1:16  Spawning Pool  
  16  1:18  Drone  
  16  1:21  Drone  
  18  1:27  Drone  
  19  1:38  Overlord  
  19  1:55  Drone  
  20  2:03  Queen  
  20  2:04  Zergling x2  
  23  2:11  Queen, Zergling x2  
  23  2:14  Drone  
  27  2:21  Drone  
  28  2:23  Zergling x2  
  28  2:24  Metabolic Boost  
  29  2:32  Drone  
  30  2:37  Drone  
  30  2:43  Baneling Nest  
  30  2:45  Queen  
  30  2:47  Overlord  
  30  2:49  Drone  
  33  2:57  Drone x2  
  35  3:04  Drone  
  36  3:12  Evolution Chamber, Drone  
  36  3:14  Drone x2  
  36  3:15  Overlord  
  36  3:18  Drone  
  39  3:25  Drone x3  
  39  3:26  Drone  
  39  3:27  Baneling x2  
  43  3:34  Lair  
  43  3:35  Drone  
  44  3:47  Drone x3  
  44  3:48  Roach Warren  
  46  3:52  Extractor x2  
  43  4:12  Drone  
  43  4:13  Drone x3  
  43  4:15  Drone x3  
  50  4:21  Zerg Missile Weapons Level 1  
  50  4:29  Overlord x3  
  50  4:33  Extractor  
  49  4:43  Roach x2  
  50  4:46  Zergling x4  
  50  4:51  Roach x5  
  52  5:16  Roach x6  
  52  5:18  Queen  
  66  5:36  Drone x3  
  66  5:38  Drone x2  
  66  5:39  Drone  
  72  5:44  Baneling  
  72  5:52  Overlord, Roach  
  74  6:00  Overseer  
  74  6:01  Hatchery  
  73  6:10  Glial Reconstitution  
  73  6:12  Overlord, Roach  
  73  6:13  Roach x4  
  83  6:24  Overseer  
  83  6:30  Ravager  
  83  6:32  Overlord  
  84  6:33  Roach x3  
  90  6:42  Overlord x3  
  90  6:48  Overlord  
  90  6:49  Overlord x2  
  90  6:50  Queen  
  90  6:52  Overlord  
  90  6:53  Roach  
  94  7:08  Roach x5  
  86  7:16  Roach x3  
  86  7:17  Roach  
  90  7:27  Overlord  
  90  7:29  Roach x3  
  96  7:35  Ravager  
  96  7:36  Ravager  
  98  7:40  Ravager  
  98  7:43  Roach x3  
  105  7:52  Roach x3  
  105  7:56  Roach x4  
  119  8:02  Roach x4  
  127  8:10  Roach x2  
  127  8:11  Roach  
  133  8:15  Overseer  
  131  8:25  Roach  
  131  8:26  Roach x2  
  121  8:32  Roach x3  
  106  8:37  Roach  
  106  8:38  Roach  
  98  8:47  Roach x3  
  85  8:58  Ravager  
  84  9:04  Roach x6  
  84  9:18  Roach x2  
  84  9:19  Roach x3  
  77  9:26  Roach  
  77  9:27  Roach x2  
  75  9:32  Roach  
  77  9:41  Roach x2  
Tags
 
Add a new tag
Caveats
  • Supply blocks, unpowered buildings, or Contaminate may cause inaccurate times.
  • Supply counts are checked every 10 seconds.